 Dungeon Crawl Stone Soup version 0.22.1-1-ga44c0e5 (webtiles) character file.

133 Torikoriko the Skirmisher (level 5, -3/55 HPs)
             Began as an Ogre Gladiator on Sept 23, 2018.
             Slain by Natasha (5 damage)
             ... on level 2 of the Dungeon.
             The game lasted 00:06:39 (2688 turns).

Torikoriko the Skirmisher (Ogre Gladiator)          Turns: 2688, Time: 00:06:40

Health: -3/55      AC:  3    Str: 18    XL:     5   Next: 16%
Magic:  5/5        EV: 11    Int:  9    God:
Gold:   77         SH:  0    Dex: 11    Spells: 4/4 levels left

rFire    . . .     SeeInvis .   a - +0 flail
rCold    . . .     Gourm    .   (no shield)
rNeg     + . .     Faith    .   b - +0 robe
rPois    .         Spirit   .   c - +0 hat
rElec    .         Reflect  .   (no cloak)
rCorr    .         Harm     .   (gloves unavailable)
MR       .....                  (boots unavailable)
Stlth    +.........             (no amulet)
HPRegen  0.18/turn              j - ring of positive energy
MPRegen  0.09/turn              (no ring)

@: no status effects
A: large, unfitting armour, tough skin 1
a: no special abilities


You were on level 2 of the Dungeon.
You were not hungry.

You visited 1 branch of the dungeon, and saw 3 of its levels.

You collected 77 gold pieces.

Inventory:

Hand Weapons
 a - a +0 flail (weapon)
Missiles
 d - 3 throwing nets {!f}
 i - 8 poisoned needles
 s - 2 stones (quivered)
Armour
 b - a +0 robe (worn)
 c - a +0 hat (worn)
Jewellery
 j - a ring of positive energy (left hand)
Scrolls
 e - 2 scrolls of remove curse {unknown}
 h - 2 scrolls of amnesia {unknown}
 k - 4 scrolls of teleportation {unknown}
 l - a scroll of enchant weapon {unknown}
 o - a scroll of fog {unknown}
 q - a scroll of identify {unknown}
Potions
 g - 2 potions of brilliance {unknown}
 m - a potion of cancellation {unknown}
 n - 2 potions of heal wounds {unknown}
 r - a potion of magic {unknown}
Comestibles
 f - 6 rations
 p - a chunk of flesh


   Skills:
 + Level 4.5 Fighting
 + Level 3.6 Maces & Flails
 - Level 2.0 Throwing
 + Level 3.6 Dodging


You had 4 spell levels left.
You didn't know any spells.
Your spell library was empty.

Dungeon Overview and Level Annotations

Branches:
Dungeon (3/15)

Altars:

Annotations:
D:2 Natasha


Innate Abilities, Weirdness & Mutations

You are too large for most types of armour.
You have tough skin. (AC +1)


Message History

Natasha is severely wounded.
The crimson imp blinks!
Natasha closely misses you.
The crimson imp hits you but does no damage.
The iron imp hits you but does no damage.
You hit Natasha.
Natasha is almost dead.
Natasha claws you.
The crimson imp blinks!
The iron imp hits you.
* * * LOW HITPOINT WARNING * * *
Natasha claws you.
* * * LOW HITPOINT WARNING * * *
You closely miss Natasha.
Natasha is almost dead.
The iron imp disappears in a puff of smoke!
Natasha claws you!
* * * LOW HITPOINT WARNING * * *
You barely miss Natasha.
Natasha is almost dead.
The crimson imp hits you but does no damage.
Natasha claws you.
You die...

#g..####################
#...# ############ #...#
##P...P.##P.≈
#...########.P..P......#
#....>...##.P...P≈.P..≈#
#........#P.....≈≈≈.P.##
#........#...≈≈≈≈≈≈≈≈≈#.
#....5h5.#P.≈#≈≈#≈≈≈≈##.
#...(.§@.#.≈≈#≈≈#≈≈≈≈#.P
###.####.#≈≈≈#≈≈#≈≈≈##.≈
#.# #.##≈≈####≈≈##.≈≈ #.#
#.##≈## ##≈#≈≈≈#
#####+####.###.#######≈...
#.......##.# ##....###....
#.......##.# #....'.#....
#.......##.# #....'.'....
#.......##.# ##....###....


You could see Natasha and 2 crimson imps.

Vanquished Creatures
  Natasha (twice) (D:2)
  An adder (D:2)
  3 gnolls (D:2)
  A worm (D:2)
  A dart slug (D:1)
  A leopard gecko (D:1)
  5 bats
  A giant cockroach (D:2)
  6 goblins
  6 hobgoblins
  A quokka (D:3)
  2 frilled lizards (D:1)
  3 kobolds
  7 rats
40 creatures vanquished.

Notes
Turn   | Place    | Note
-------+----------+-------------------------------------------
     0 | D:1      | Torikoriko the Ogre Gladiator began the quest for the Orb.
     0 | D:1      | Reached XP level 1. HP: 22/22 MP: 1/1
   293 | D:1      | Reached skill level 3 in Fighting
   303 | D:1      | Reached XP level 2. HP: 19/31 MP: 2/2
   799 | D:1      | Reached XP level 3. HP: 36/37 MP: 3/3
  1741 | D:2      | Noticed Natasha
  1749 | D:2      | Killed Natasha
  1749 | D:2      | Reached skill level 4 in Fighting
  1749 | D:2      | Reached XP level 4. HP: 33/48 MP: 4/4
  2146 | D:2      | Noticed Natasha
  2156 | D:2      | Killed Natasha
  2513 | D:2      | Reached XP level 5. HP: 55/55 MP: 5/5
  2670 | D:2      | Noticed Natasha
  2687 | D:2      | HP: 2/55 [Natasha (10)]
  2688 | D:2      | Slain by Natasha

Skill      XL: |  1  2  3 |
---------------+----------+-----
Fighting       | 3 4 |  4.5
Maces & Flails | 3 |  3.6
Dodging        | 3 |  3.6
Throwing       | |  2.0

Action                   |  1- 3 |  4- 6 || total
-------------------------+-------+-------++-------
Melee: Flail             |   106 |    60 ||   166
Throw: Stone             |       |     2 ||     2
 Stab: Sleeping          |     1 |       ||     1
  Eat: Chunk             |     2 |     4 ||     6
Armor: Robe              |    58 |    16 ||    74
Dodge: Dodged            |    87 |    43 ||   130
